Map: Romanticide LE

Players

A.I. 1 (Medium)

  • Race: Zerg Zerg
  • Spawn Location: 5:00

MackDaddy - Winner!

  • Race: Zerg Zerg
  • League: Master
  • Spawn Location: 11:00

VOD

Have the link to the VOD?

Description

Time

  • Played on: March 1, 2021, 9:37 p.m.
  • Length: 3:41
Show
View Real Time Build Order
Export as new Build Order

A.I. 1 (Medium) Zerg 

Build Orders: Pool Only 

Get SALT Encoding   

  12  0:00  Drone  
  13  0:12  Overlord  
  13  0:16  Drone  
  14  0:30  Drone  
  14  0:33  Drone  
  16  0:43  Spawning Pool  
  16  0:45  Drone  
  16  0:49  Drone  
  17  0:53  Extractor  
  17  0:55  Drone  
  17  1:06  Overlord  
  17  1:31  Zergling x2  
  17  1:32  Queen  
  18  1:36  Roach Warren  
  18  1:38  Extractor, Drone  
  19  1:40  Zergling x2  
  20  1:49  Drone  
  21  2:00  Drone  
  22  2:10  Overlord  
  22  2:21  Roach  
  24  2:32  Roach  
  26  2:39  Drone  
  26  2:41  Roach  
  29  2:45  Overlord  
  29  2:50  Drone  
  30  2:55  Drone  
  31  3:05  Drone  
  32  3:11  Zergling x2, Drone  
  19  3:20  Drone  
  19  3:21  Roach  
  4  3:28  Drone  
Show
View Real Time Build Order
Export as new Build Order

MackDaddy Zerg - Winner!

Build Orders: 1 Base Baneling Bust, Pool Only 

Get SALT Encoding   

  12  0:18  Spawning Pool  
  11  0:22  Drone  
  11  0:25  Drone  
  13  0:30  Drone  
  14  0:36  Extractor  
  14  0:42  Overlord  
  13  1:05  Zergling x6  
  13  1:08  Queen  
  18  1:18  Zergling x2  
  19  1:28  Zergling x2  
  20  1:37  Metabolic Boost  
  20  1:41  Zergling x2  
  21  1:50  Overlord  
  21  1:59  Baneling Nest  
  20  2:06  Zergling x2  
  21  2:13  Zergling x2  
  22  2:17  Zergling x4  
  22  2:18  Zergling x2  
  25  2:29  Zergling x2  
  26  2:42  Zergling x2  
  27  2:45  Baneling x4  
  27  2:49  Zergling x4  
  29  2:55  Zergling x2  
  30  3:00  Baneling  
  26  3:13  Zergling x6  
  28  3:21  Zergling x4  
Tags
 
Add a new tag
Caveats
  • Supply blocks, unpowered buildings, or Contaminate may cause inaccurate times.
  • Supply counts are checked every 10 seconds.